 Dungeon Crawl Stone Soup version 0.21.1-1-g345015fe64 (webtiles) character file.

9797 Oravi the Nimble (level 11, -5/84 HPs)
             Began as a Merfolk Transmuter on May 7, 2018.
             Was an Elder of Okawaru.
             Slain by a two-headed hydra (14 damage)
             ... on level 8 of the Dungeon.
             The game lasted 00:37:37 (9146 turns).

Oravi the Nimble (Merfolk Transmuter)               Turns: 9146, Time: 00:37:38

Health: -5/84      AC:  2    Str: 10    XL:     11   Next: 52%
Magic:  16/20      EV: 39    Int: 17    God:    Okawaru [****..]
Gold:   167        SH:  0    Dex: 19    Spells: 12/22 levels left

rFire    + . .     SeeInvis .     - Unarmed
rCold    + . .     Gourm    .   (shield currently unavailable)
rNeg     . . .     Faith    .   (armour currently unavailable)
rPois    x         Spirit   .   (helmet currently unavailable)
rElec    .         Reflect  .   (cloak currently unavailable)
rCorr    .         Harm     .   (gloves currently unavailable)
MR       .....                  (boots currently unavailable)
Stlth    +++.......             (no amulet)
HPRegen  0.24/turn              k - ring of protection from cold
MPRegen  0.17/turn              s - ring of protection from fire

@: lethally poisoned (-5 -> -15), spider-form, heroism
A: tiny, (change form in water), (swift swim), (stealthy swim)
a: End Transformation, Heroism, Renounce Religion


You were on level 8 of the Dungeon.
You worshipped Okawaru.
Okawaru was greatly pleased with you.
You were not hungry.
You were a venomous arachnid creature.
You visited 2 branches of the dungeon, and saw 9 of its levels.

You collected 385 gold pieces.
You spent 218 gold pieces at shops.

Inventory:

Missiles
 a - 68 arrows
Armour
 b - a +0 robe (melded)
 e - a +2 hat (melded)
 t - a +2 robe of fire resistance
 v - the +0 cloak "Woesmox" (melded) {Int+3}
   (You bought it in a shop on level 5 of the Dungeon)

   It affects your intelligence (+3).
Jewellery
 k - a ring of protection from cold (left front leg)
 s - a ring of protection from fire (right front leg)
 F - an uncursed ring of protection from cold
Wands
 p - a wand of acid (11)
 x - a wand of random effects (13)
 y - a wand of flame (30)
 D - a wand of paralysis (13)
Scrolls
 g - 2 scrolls of enchant armour {unknown}
 h - 2 scrolls of teleportation
 i - a scroll of fear {unknown}
 q - a scroll of noise {unknown}
 r - 4 scrolls of magic mapping {unknown}
 u - a scroll of fog {unknown}
 A - 2 scrolls of remove curse
 E - a scroll of identify
Potions
 f - a potion of haste
 j - a potion of lignification
 m - a potion of magic
 n - a potion of might
 o - a potion of heal wounds {unknown}
 z - a potion of brilliance {unknown}
 B - a potion of agility {unknown}
 C - a potion of invisibility {unknown}
Books
 c - a book of Changes

   Spells                             Type                      Level
   a - Beastly Appendage              Transmutation                1
   b - Sticks to Snakes               Transmutation                2
   c - Spider Form                    Transmutation/Poison         3
   d - Ice Form                       Ice/Transmutation            4
   e - Blade Hands                    Transmutation                5
Comestibles
 d - 13 rations
 w - 2 chunks of flesh


   Skills:
 + Level 7.0(12.0) Fighting
 + Level 14.5(19.5) Dodging
 + Level 8.4(13.4) Unarmed Combat
 + Level 6.1 Spellcasting
 + Level 9.6 Transmutations
 - Level 3.0 Poison Magic


You had 12 spell levels left.
You knew the following spells:

 Your Spells              Type           Power        Failure   Level  Hunger
a - Spider Form           Tmut/Pois      ####......   10%         3    ##.....
b - Sticks to Snakes      Tmut           #####...     3%          2    None
c - Beastly Appendage     Tmut           #####.       2%          1    None
d - Ice Form              Ice/Tmut       ###.....     36%         4    ####...


Dungeon Overview and Level Annotations

Branches:
Dungeon (8/15)             Temple (1/1) D:6
   Lair: D:8-11

Altars:
Ashenzari
Cheibriados
Dithmenos
Elyvilon
Fedhas
Gozag
Hepliaklqana
Kikubaaqudgha
Makhleb
Nemelex Xobeh
Okawaru
Qazlal
Ru
Sif Muna
Trog
Uskayaw
Wu Jian
Xom
Yredelemnul
Zin
The Shining One

Shops:
D:5 [   D:6 !

Annotations:
D:5 1 runed door
D:7 Thargor's ghost, novice DsBe


Message History

The two-headed hydra is lightly wounded.
You feel sick. The two-headed hydra barely misses you.
The two-headed hydra bites you!
You feel sick.
You feel sick.
You feel sick.
The two-headed hydra closely misses you.
The two-headed hydra bites you!
* * * LOW HITPOINT WARNING * * *
There is an open gate here.
* * * LOW HITPOINT WARNING * * *
You feel sick.
Okay, then.
It was a potion of experience.
You feel more experienced!
Your base Dodging skill gained 6 levels and is now at level 14!
You have reached level 11!
* * * LOW HITPOINT WARNING * * *
You feel sick. The two-headed hydra misses you. The two-headed hydra bites you!
You die...

#### ##########
##..## #.....)%.#
#..... #.....#.)#
##.....
##'D'###+####..##).
#.s...P≈.#.....####
#..P..≈≈P#.##..#
#....(P≈≈#####.##
#...)..≈P# #..#
#.≈.≈.≈PP# ##.##
####)##### ##...#
#(# ##....## #.#
##......# #.#
#........


You could see a two-headed hydra.

Vanquished Creatures
  A two-headed ogre (D:8)
  Psyche (D:8)
  A dream sheep (D:8)
  Sigmund (D:5)
  2 orc warriors (D:8)
  Duvessa (D:5)
  A phantom (D:6)
  5 ogres
  2 sky beasts
  A centaur (D:7)
  3 big kobolds
  Blork the orc (D:4)
  Dowan (D:5)
  2 scorpions
  4 killer bees
  8 wights
  2 howler monkeys
  2 crimson imps
  A jelly (D:5)
  A quasit (D:6)
  3 bullfrog skeletons
  4 hounds
  4 orc priests
  9 orc wizards
  An iguana (D:6)
  Ijyb (D:5)
  6 worker ants
  A hound skeleton (D:6)
  17 adders
  2 shadow imps
  An ooze (D:1)
  An adder skeleton (D:7)
  A worm (D:2)
  A dart slug (D:2)
  7 leopard geckos
  41 orcs
  9 bats
  4 giant cockroaches
  5 goblins
  7 hobgoblins
  16 jackals
  4 quokkas
  4 frilled lizards
  A jackal zombie (D:8)
  10 kobolds
  2 leopard gecko skeletons
  7 rats
210 creatures vanquished.

Vanquished Creatures (collateral kills)
  A dream sheep (D:8)
  2 yaks (D:8)
  A big kobold (D:8)
4 creatures vanquished.

Grand Total: 214 creatures vanquished

Notes
Turn   | Place    | Note
-------+----------+-------------------------------------------
     0 | D:1      | Oravi the Merfolk Transmuter began the quest for the Orb.
     0 | D:1      | Reached XP level 1. HP: 15/15 MP: 3/3
    85 | D:1      | Reached XP level 2. HP: 14/21 MP: 1/5
   563 | D:1      | Reached XP level 3. HP: 26/26 MP: 4/6
   699 | D:1      | Learned a level 2 spell: Sticks to Snakes
   703 | D:1      | Learned a level 3 spell: Spider Form
   890 | D:2      | Reached XP level 4. HP: 32/32 MP: 3/7
  1475 | D:2      | Reached skill level 1 in Poison Magic
  1830 | D:3      | Reached XP level 5. HP: 35/37 MP: 0/8
  2595 | D:3      | Reached skill level 3 in Dodging
  2602 | D:3      | Reached skill level 5 in Transmutations
  3036 | D:4      | Reached XP level 6. HP: 44/44 MP: 5/9
  3048 | D:4      | Found an opulent altar of Gozag.
  3135 | D:4      | Reached skill level 5 in Unarmed Combat
  3179 | D:4      | HP: 2/46 [poisoned by a worker ant]
  3187 | D:4      | HP: 1/46 [poisoned by a worker ant]
  3195 | D:4      | HP: 1/46 [poisoned by a worker ant]
  3503 | D:4      | Noticed Blork the orc
  3504 | D:4      | Reached XP level 7. HP: 48/51 MP: 7/11
  3518 | D:4      | Killed Blork the orc
  3518 | D:4      | Reached skill level 4 in Dodging
  3922 | D:4      | Learned a level 4 spell: Ice Form
  3939 | D:5      | Entered Level 5 of the Dungeon
  4077 | D:5      | Noticed Sigmund
  4077 | D:5      | Noticed Duvessa
  4132 | D:5      | Noticed Dowan
  4145 | D:5      | Killed Sigmund
  4145 | D:5      | Reached skill level 5 in Dodging
  4145 | D:5      | Reached XP level 8. HP: 43/58 MP: 3/13
  4228 | D:5      | Killed Duvessa
  4234 | D:5      | Killed Dowan
  4321 | D:5      | Found Jaddenn's Antique Armour Emporium.
  4326 | D:5      | Bought a dazzling cloak for 218 gold pieces
  4333 | D:5      | Identified the +0 cloak "Woesmox" {Int+3} (You bought it in a shop on level 5 of the Dungeon)
  4521 | D:5      | Noticed Ijyb
  4530 | D:5      | Killed Ijyb
  4729 | D:5      | Found a runed door.
  5065 | D:6      | Found an iron altar of Okawaru.
  5071 | D:6      | Became a worshipper of Warmaster Okawaru
  5146 | D:6      | Reached skill level 6 in Dodging
  5481 | D:6      | Reached XP level 9. HP: 34/67 MP: 15/15
  5605 | D:6      | Found Vopn's Distillery.
  5675 | D:6      | Reached skill level 5 in Fighting
  5776 | D:6      | Found a staircase to the Ecumenical Temple.
  5800 | D:6      | Reached * piety under Okawaru
  5870 | Temple   | Entered the Ecumenical Temple
  6452 | D:7      | Reached skill level 7 in Dodging
  6714 | D:7      | Reached skill level 5 in Spellcasting
  6877 | D:7      | Noticed Thargor's ghost (novice DsBe)
  7210 | D:7      | Found an ornate altar of the Wu Jian Council.
  7271 | D:7      | Reached ** piety under Okawaru
  8156 | D:8      | Noticed a two-headed ogre
  8173 | D:8      | Killed a two-headed ogre
  8173 | D:8      | Reached *** piety under Okawaru
  8173 | D:8      | Reached skill level 8 in Dodging
  8173 | D:8      | Reached XP level 10. HP: 49/77 MP: 16/18
  8191 | D:8      | Found an opulent altar of Gozag.
  8256 | D:8      | Noticed Psyche
  8619 | D:8      | Killed Psyche
  9047 | D:8      | Reached **** piety under Okawaru
  9132 | D:8      | Noticed a two-headed hydra
  9146 | D:8      | Reached skill level 14 in Dodging
  9146 | D:8      | Reached XP level 11. HP: 10/84 MP: 15/20
  9146 | D:8      | Slain by a two-headed hydra

Skill      XL: |  1  2  3  4  5  6  7  8  9 10 |
---------------+-------------------------------+-----
Transmutations | 3 4 5 6 7 9 |  9.6
Unarmed Combat | 4 5 6 8 |  8.4
Poison Magic   | 1 2 3 |  3.0
Dodging        | 3 5 6 8 14 | 14.5
Fighting       | 2 3 4 6 7 |  7.0
Spellcasting   | 3 4 5 6 |  6.1

Action                   |  1- 3 |  4- 6 |  7- 9 | 10-12 || total
-------------------------+-------+-------+-------+-------++-------
Melee: Unarmed           |    99 |   170 |   432 |    85 ||   786
       Headbutt          |     9 |     2 |       |       ||    11
       Punch             |       |     1 |       |       ||     1
 Cast: Beastly Appendage |    15 |     5 |       |       ||    20
       Spider Form       |     3 |    26 |    54 |     5 ||    88
       Sticks to Snakes  |       |       |     3 |     5 ||     8
Invok: Heroism           |       |       |     1 |     1 ||     2
  Use: Scroll            |       |     6 |     4 |     2 ||    12
       Potion            |       |       |       |     4 ||     4
 Stab: Sleeping          |       |     1 |     2 |       ||     3
  Eat: Chunk             |     1 |    12 |    14 |     3 ||    30
       Ration            |       |       |     2 |       ||     2
Armor: Robe              |    24 |    10 |     3 |     3 ||    40
       Skin              |       |     5 |    13 |     4 ||    22
Dodge: Dodged            |    77 |   130 |   401 |    88 ||   696
